 Dungeon Crawl Stone Soup version 0.30.1-11-g7821555f0a (webtiles) character file.

Game seed: 12794521518324529657

60 CommanderCrumbcake the Charlatan (level 4, 1/32 (34) HPs)
             Began as a Gnoll Artificer on Dec 21, 2023.
             Was an Initiate of Fedhas.
             Quit the game on level 3 of the Dungeon.
             The game lasted 00:05:28 (972 turns).

CommanderCrumbcake the Charlatan (Gnoll Artificer)   Turns: 972, Time: 00:05:29

HP:   1/32 (34)     AC:  3    Str: 12    XL:     4   Next: 4%
MP:   5/5           EV: 12    Int: 12    God:    Fedhas [......]
Gold: 124           SH:  0    Dex: 12    Spells: 5/5 levels left

rFire   . . .        i - +0 scimitar
rCold   . . .        (no shield)
rNeg    . . .        b - +0 leather armour
rPois   .            (no helmet)
rElec   .            (no cloak)
rCorr   .            (no gloves)
SInv    .            (no boots)
Will    .....        (no amulet)
Stlth   ++           (no ring)
HPRegen 0.25/turn    (no ring)
MPRegen 0.09/turn

%: no passive effects
@: lethally poisoned (1 -> 0), drained
A: fangs 1, strong nose, distributed training
a: Renounce Religion


You were on level 3 of the Dungeon.
You worshipped Fedhas.
Fedhas was noncommittal.
You visited 1 branch of the dungeon, and saw 3 of its levels.

You collected 124 gold pieces.

Inventory:

Hand Weapons
 i - a +0 scimitar (weapon)
Missiles
 h - a poisoned dart (quivered)
Armour
 b - a +0 leather armour (worn)
Wands
 c - a wand of flame (10)
 d - a wand of charming (10)
 e - a wand of iceblast (5)
Scrolls
 a - a scroll of fog
 f - a scroll of teleportation {unknown}
 g - a scroll of amnesia {unknown}


   Skills:
 + Level 2.7 Fighting
 + Level 1.0 Short Blades
 + Level 1.0 Long Blades
 + Level 1.0 Axes
 + Level 1.0 Maces & Flails
 + Level 1.0 Polearms
 + Level 1.0 Staves
 + Level 1.0 Ranged Weapons
 + Level 1.0 Throwing
 + Level 4.6 Armour
 + Level 2.7 Dodging
 + Level 2.5 Stealth
 + Level 1.0 Shields
 + Level 1.0 Unarmed Combat
 + Level 1.0 Spellcasting
 + Level 0.8 Conjurations
 + Level 0.8 Hexes
 + Level 0.8 Summonings
 + Level 0.8 Necromancy
 + Level 0.8 Translocations
 + Level 0.8 Transmutations
 + Level 0.8 Fire Magic
 + Level 0.8 Ice Magic
 + Level 0.8 Air Magic
 + Level 0.8 Earth Magic
 + Level 0.8 Poison Magic
 + Level 1.1 Invocations
 + Level 6.6 Evocations


You had 5 spell levels left.
You didn't know any spells.
Your spell library contained the following spells:

 Spells                   Type           Power      Damage    Failure   Level
 Summon Guardian Golem    Hex/Summ       2%         N/A       63%         3
 Orb of Destruction       Conj           1%         9d5       100%        7
 Spellforged Servitor     Conj/Summ      1%         N/A       100%        7


Dungeon Overview and Level Annotations

Branches:
Dungeon (3/15)

Altars:
Fedhas
Qazlal
Uskayaw
Yredelemnul


Innate Abilities, Weirdness & Mutations

You have very sharp teeth.
Your uncanny sense of smell can sniff out nearby items.
Your experience applies equally to all skills.


Message History

You escape the ball python's grasp.
The adder attacks as you move away! The adder barely misses you.
You feel sick.
You barely miss the adder.
The adder is severely wounded.
You feel sick. The adder barely misses you. The ball python bites you.
* * * LOW HITPOINT WARNING * * *
The ball python misses you. The rat barely misses you.
Unknown command.
Aiming: Charm
Press: ? - help, Shift-Dir - straight line, f/p - adder
Aim: an adder (severely wounded, chance to affect: 73%)
The adder is charmed.
You feel sick. The ball python barely misses you. x2
The rat bites you.
* * * LOW HITPOINT WARNING * * *
Unknown command.
You aren't carrying any potions.
What are your orders? t - Bark!
Orders for allies: a - Attack new target. p - Attack previous target. r - Retreat! s - Stop attacking. g - Guard the area. f - Follow me.
Anything else - Cancel.
Gang up on whom?
Press: ? - help, Dir - move target, f - ball python, p - adder
Aim: a ball python Attack!
You feel sick.
Your adder barely misses the ball python.
The ball python barely misses you. x2; The rat bites you.
* * * LOW HITPOINT WARNING * * *
* * * LOW HITPOINT WARNING * * *
You feel sick.
Your adder closely misses the ball python.
The ball python closely misses you. The ball python grabs you.
The ball python constricts you. The rat bites you.
* * * LOW HITPOINT WARNING * * *
Your adder bites the ball python.
The ball python dies!
Fedhas appreciates your contribution to the ecosystem.
You aren't carrying any potions.
Are you sure you want to abandon this character and quit the game? (Confirm with "yes".)

#########...#.###'
#.........###.#...
#.....)######.#...
##......# ##..#.._ ###
##.......####...#...
..................#.#...
#....##..##....##...####
##......##....####.....
.....#@.S.....# #...###
.......r†##....# #.### #
...........#.### #. ##
.........#...#####.####.
.........##<....).......
.........# .)..........#
.........# ...........#
.........# ...........#
....<..(# #.....###.##


You could see a rat and a friendly adder (charmed, unaware).

Vanquished Creatures
  An adder (D:3)
  2 worms
  6 orcs (D:3)
  3 endoplasms
  5 goblins
  3 hobgoblins
  4 kobolds
  4 ball pythons
  A frilled lizard (D:3)
  3 rats
32 creatures vanquished.

Vanquished Creatures (collateral kills)
  A ball python (D:3)
  A goblin (D:2)
  A quokka (D:2)
3 creatures vanquished.

Vanquished Creatures (others)
  An adder (D:2)
  A giant cockroach (D:2)
2 creatures vanquished.

Grand Total: 37 creatures vanquished

Notes
Turn   | Place    | Note
-------+----------+-------------------------------------------
     0 | D:1      | CommanderCrumbcake the Gnoll Artificer began the quest for
                  | the Orb.
     0 | D:1      | Reached XP level 1. HP: 17/17 MP: 1/1
   140 | D:1      | Reached XP level 2. HP: 10/23 MP: 2/2
   537 | D:2      | Reached XP level 3. HP: 22/28 MP: 3/3
   616 | D:3      | Reached skill level 1 in Invocations
   728 | D:3      | Reached skill level 1 in Short Blades
   728 | D:3      | Reached skill level 1 in Long Blades
   728 | D:3      | Reached skill level 1 in Axes
   728 | D:3      | Reached skill level 1 in Maces & Flails
   728 | D:3      | Reached skill level 1 in Polearms
   728 | D:3      | Reached skill level 1 in Staves
   728 | D:3      | Reached skill level 1 in Ranged Weapons
   728 | D:3      | Reached skill level 1 in Throwing
   728 | D:3      | Reached skill level 1 in Shields
   728 | D:3      | Reached skill level 1 in Unarmed Combat
   728 | D:3      | Reached skill level 1 in Spellcasting
   738 | D:3      | Found a stormy altar of Qazlal.
   738 | D:3      | Found a blossoming altar of Fedhas.
   740 | D:3      | Found a basalt altar of Yredelemnul.
   748 | D:3      | Became a worshipper of Fedhas Madash
   855 | D:3      | Found a hide-covered altar of Uskayaw.
   936 | D:3      | Reached XP level 4. HP: 32/32 MP: 5/5
   971 | D:3      | HP: 1/32 [rat (1)]
   972 | D:3      | Quit the game

Illustrated notes

Levels and vault maps discovered:
D:1:      scummos_arrival_gate, layout_basic
D:2:      layout_rooms, minmay_diced_spiral
D:3:      layout_rooms, amcnicky_altar_gilded, nicolae_overflow_hidden_temple,
          gammafunk_temple_overflow_claw

Skill      XL: |  1  2  3 |
---------------+----------+-----
Invocations    | 1 |  1.1
Short Blades   | 1 |  1.0
Long Blades    | 1 |  1.0
Axes           | 1 |  1.0
Maces & Flails | 1 |  1.0
Polearms       | 1 |  1.0
Staves         | 1 |  1.0
Ranged Weapons | 1 |  1.0
Throwing       | 1 |  1.0
Shields        | 1 |  1.0
Unarmed Combat | 1 |  1.0
Spellcasting   | 1 |  1.0
Fighting       | |  2.7
Armour         | |  4.6
Dodging        | |  2.7
Stealth        | |  2.5
Conjurations   | |  0.8
Hexes          | |  0.8
Summonings     | |  0.8
Necromancy     | |  0.8
Translocations | |  0.8
Transmutations | |  0.8
Fire Magic     | |  0.8
Ice Magic      | |  0.8
Air Magic      | |  0.8
Earth Magic    | |  0.8
Poison Magic   | |  0.8
Evocations     | |  6.6

Action                     |  1- 3 |  4- 6 || total
---------------------------+-------+-------++-------
  Melee: Club              |    18 |       ||    18
         Bite              |    13 |       ||    13
         Dagger            |    28 |       ||    28
         Scimitar          |    61 |    15 ||    76
         Punch             |     1 |       ||     1
  Throw: Dart              |     2 |     1 ||     3
  Evoke: Wand              |     9 |     1 ||    10
    Use: Scroll            |     2 |       ||     2
   Stab: Sleeping          |     2 |       ||     2
 Armour: Leather armour    |    20 |     6 ||    26
  Dodge: Dodged            |    81 |    35 ||   116
